[Event "France Jeunes Belfort 2017"]
[Site "Belfort"]
[Date "2017.04.23"]
[Round "9.2"]
[White "Conti, Anne-Marie"]
[Black "Lomandong, Noela-Joyce"]
[Result "0-1"]
[ECO "E08"]
[WhiteElo "1712"]
[BlackElo "1987"]
[PlyCount "102"]
[EventDate "2017.??.??"]
[TimeControl "6000+795"]
[WhiteClock "0:01:29"]
[BlackClock "0:12:06"]

1. d4 d5 2. c4 c6 3. Nf3 Nf6 4. g3 e6 5. Bg2 Be7 6. O-O Nbd7 7. b3 O-O 8. Qc2
b6 9. Nc3 Ba6 10. cxd5 cxd5 11. a3 Rc8 12. Bb2 Ne4 13. Rfc1 Ndf6 14. h3 Nxc3
15. Bxc3 Ne4 16. Qb2 Nxc3 17. Rxc3 Qd6 18. Rxc8 Rxc8 19. b4 Qc6 20. e3 f6 21.
Ne1 Qc3 22. Qb1 Bc4 23. h4 Bd6 24. Bh3 Kf7 25. Qd1 Be2 26. Qb1 g6 27. Ra2 Bc4
28. Ra1 Qd2 29. h5 Qe2 30. hxg6+ hxg6 31. Qd1 Qxd1 32. Rxd1 Bb3 33. Rd3 Ba4 34.
Bf1 Rc1 35. Kg2 Rxe1 36. Rc3 Ra1 37. Bd3 f5 38. Be2 Ra2 39. Bd3 Ke7 40. Bb1 Rb2
41. Rc1 Rb3 42. g4 Rxa3 43. Rh1 Bb5 44. g5 Kf7 45. Rh7+ Kg8 46. Rh6 Kg7 47. Rh1
Bxb4 48. Bc2 Be7 49. Rb1 a6 50. Kf3 Rc3 51. Bd1 Bxg5 0-1

[Event "France Jeunes Belfort 2017"]
[Site "Belfort"]
[Date "2017.04.23"]
[Round "9.2"]
[White "De Talance, Berenice"]
[Black "Aubert, Estee"]
[Result "0-1"]
[ECO "A25"]
[WhiteElo "1757"]
[BlackElo "1741"]
[PlyCount "96"]
[EventDate "2017.??.??"]
[TimeControl "6000+1140"]
[WhiteClock "0:00:31"]
[BlackClock "0:02:28"]

1. c4 e5 2. g3 Nc6 3. Bg2 g6 4. Nc3 Bg7 5. e3 d6 6. Rb1 Bf5 7. d3 Qc8 8. b4
Nge7 9. b5 Nd8 10. Nge2 Bh3 11. O-O h5 12. f3 Bxg2 13. Kxg2 h4 14. g4 h3+ 15.
Kg1 Ne6 16. Bb2 Ng5 17. Ng3 f6 18. f4 Nf7 19. Qf3 Rh4 20. f5 g5 21. Nh5 Bh8 22.
Ne4 Ng8 23. Kh1 Nfh6 24. Rg1 Qd7 25. Bc3 Nxg4 26. Nhg3 N4h6 27. Be1 Nf7 28. Nh5
g4 29. Rxg4 Rxg4 30. Qxg4 Nfh6 31. Qg6+ Qf7 32. Nhxf6+ Bxf6 33. Nxf6+ Nxf6 34.
Qxh6 O-O-O 35. Qxh3 d5 36. Bh4 dxc4 37. Bxf6 Qxf6 38. dxc4 Rd2 39. Rg1 c6 40.
Rg6 Rd1+ 41. Kg2 Qd8 42. Qg3 Rd2+ 43. Kf3 e4+ 44. Kf4 Kc7 45. Kxe4+ Kb6 46. Kf3
Qd3 47. Qg1 Qxf5+ 48. Kg3 Qxg6+ 0-1

[Event "France Jeunes Belfort 2017"]
[Site "Belfort"]
[Date "2017.04.23"]
[Round "9.2"]
[White "Gatineau, Yovann"]
[Black "Bergougnoux, Axel"]
[Result "0-1"]
[ECO "A40"]
[WhiteElo "2214"]
[BlackElo "2194"]
[PlyCount "110"]
[EventDate "2017.??.??"]
[TimeControl "6000+1155"]
[WhiteClock "0:44:05"]
[BlackClock "0:23:44"]

1. d4 g6 2. Nf3 Bg7 3. c4 c5 4. Nc3 cxd4 5. Nxd4 Nc6 6. Nc2 Bxc3+ 7. bxc3 Qa5
8. Qd3 d6 9. e4 Nf6 10. Be2 Be6 11. f4 Nxe4 12. Qxe4 Bf5 13. Qf3 Bxc2 14. O-O
Rc8 15. Bd2 h5 16. Rae1 Bf5 17. h3 Qxa2 18. Be3 Qc2 19. Bd4 Nxd4 20. cxd4 Qb2
21. Qe3 Rc7 22. Rf2 Qb4 23. Ra1 a5 24. g4 hxg4 25. hxg4 Bc2 26. Bf1 Bb3 27. Rb1
a4 28. f5 gxf5 29. gxf5 b5 30. Qe4 Rg8+ 31. Kh2 Qa5 32. cxb5 d5 33. Qe5 Qb6 34.
f6 Bc4 35. Bh3 e6 36. Re1 Kd7 37. Qh5 Qd6+ 38. Re5 Rf8 39. Qf3 a3 40. b6 Rb7
41. Rc2 Rxb6 42. Qc3 Ra6 43. Rc1 Rb8 44. Qg3 a2 45. Qg7 Qf8 46. Qh7 Rbb6 47.
Ra1 Ra3 48. Rg5 Qd6+ 49. Re5 Qf8 50. Rg5 Rb2+ 51. Bg2 Bd3 52. Qh3 Be4 53. Qh5
Qd6+ 54. Kg1 Rb1+ 55. Bf1 Rg3+ 0-1

[Event "France Jeunes Belfort 2017"]
[Site "Belfort"]
[Date "2017.04.23"]
[Round "9.2"]
[White "Kambrath, Yannick"]
[Black "Lamard, Guillaume"]
[Result "0-1"]
[ECO "A05"]
[WhiteElo "2341"]
[BlackElo "2307"]
[PlyCount "88"]
[EventDate "2017.??.??"]
[TimeControl "6000+835"]
[WhiteClock "0:03:46"]
[BlackClock "0:24:06"]

1. Nf3 Nf6 2. c4 b6 3. g3 Bb7 4. Bg2 g6 5. b3 Bg7 6. Bb2 O-O 7. O-O c5 8. d4 d6
9. Nc3 Ne4 10. Qd3 Nxc3 11. Bxc3 cxd4 12. Nxd4 Bxg2 13. Kxg2 a6 14. Qf3 Ra7 15.
Rac1 Qc8 16. a4 Rc7 17. e4 b5 18. axb5 Bxd4 19. Bxd4 axb5 20. Rc2 Qe6 21. Rfc1
Rfc8 22. Qd3 Na6 23. Rc3 Nb4 24. Qe2 Na2 25. Qxa2 Qxe4+ 26. Kg1 Qxd4 27. Qe2 h5
28. h4 bxc4 29. bxc4 Qg4 30. Qd3 Rc5 31. Kg2 Qf5 32. Qe3 Qe5 33. Qd3 d5 34.
R3c2 Qc7 35. Qe3 Rxc4 36. Rxc4 dxc4 37. Rc3 Qc5 38. Qf4 e5 39. Qc1 Qd4 40. Qc2
Kg7 41. Kh2 Rc6 42. Kg2 Rc7 43. Kh2 f5 44. Qc1 Qxf2+ 0-1

[Event "France Jeunes Belfort 2017"]
[Site "Belfort"]
[Date "2017.04.23"]
[Round "9.2"]
[White "Meillon, Judicael"]
[Black "Papadiamandis, Elliot"]
[Result "0-1"]
[ECO "B91"]
[WhiteElo "1884"]
[BlackElo "1944"]
[PlyCount "81"]
[EventDate "2017.??.??"]
[TimeControl "6000+1180"]
[WhiteClock "0:11:57"]
[BlackClock "0:24:36"]

1. e4 c5 2. Nf3 d6 3. d4 cxd4 4. Nxd4 Nf6 5. Nc3 a6 6. g3 e6 7. Bg2 Qc7 8. O-O
Nc6 9. Bg5 Be7 10. Qd2 Ne5 11. b3 h6 12. Bf4 Ng6 13. Nde2 Nxf4 14. Nxf4 Bd7 15.
Nce2 Bc6 16. Qd3 O-O 17. c4 b6 18. Nd4 Bd7 19. Nfe2 Rad8 20. f4 Bc8 21. Rac1
Bb7 22. f5 exf5 23. Nxf5 Rfe8 24. Nc3 Ng4 25. Nd5 Bxd5 26. cxd5 Qa7 27. Qc3 b5+
28. Qd4 Qxd4+ 29. Nxd4 Bg5 30. Nc6 Bxc1 31. Rxc1 Rd7 32. h3 Nf6 33. Nb4 Nxe4
34. Re1 Nf6 35. Rxe8+ Nxe8 36. Nxa6 Ra7 37. Nb4 Nc7 38. Kf2 Na6 39. Nc6 Ra8 40.
b4 Nc7 41. Bf3 0-1

[Event "France Jeunes Belfort 2017"]
[Site "Belfort"]
[Date "2017.04.23"]
[Round "9.2"]
[White "Milroy, Melena"]
[Black "Afraoui, Anaelle"]
[Result "0-1"]
[ECO "B23"]
[WhiteElo "1610"]
[BlackElo "1977"]
[PlyCount "82"]
[EventDate "2017.??.??"]
[TimeControl "6000+590"]
[WhiteClock "0:06:20"]
[BlackClock "0:15:17"]

1. e4 c5 2. Nc3 a6 3. f4 b5 4. d3 e6 5. Nf3 Be7 6. Be2 d6 7. O-O Nf6 8. a4 b4
9. Nb1 O-O 10. Nbd2 Qc7 11. Qe1 Nc6 12. Nh4 Rb8 13. b3 Nd4 14. Bd1 Ne8 15. Ndf3
Qd8 16. g3 Nxf3+ 17. Nxf3 f5 18. e5 dxe5 19. fxe5 Bb7 20. Rb1 g5 21. Rf2 g4 22.
Bh6 Ng7 23. Nd2 Qd5 24. Kf1 Rf7 25. Qe3 Rd8 26. Qf4 Nh5 27. Qe3 Qh1+ 28. Ke2 f4
29. Bxf4 Nxf4+ 30. Rxf4 Qxh2+ 31. Rf2 Rxf2+ 32. Qxf2 Qh5 33. Nc4 Rf8 34. Qg1
Qf5 35. Ke1 Bg5 36. Be2 Bf3 37. Bf1 Bd5 38. Bg2 Bxc4 39. bxc4 Qxe5+ 40. Kd1
Qxg3 41. Ke2 Be3 0-1

[Event "France Jeunes Belfort 2017"]
[Site "Belfort"]
[Date "2017.04.23"]
[Round "9.2"]
[White "O'Sullivan, Thomas"]
[Black "Pigeat, Alexandre"]
[Result "1/2-1/2"]
[ECO "D17"]
[WhiteElo "2223"]
[BlackElo "2259"]
[PlyCount "164"]
[EventDate "2017.??.??"]
[TimeControl "6000+790"]
[WhiteClock "0:01:14"]
[BlackClock "0:07:57"]

1. d4 d5 2. c4 c6 3. Nc3 Nf6 4. Nf3 dxc4 5. a4 Bf5 6. Ne5 Nbd7 7. Nxc4 e6 8. f3
Bb4 9. Bf4 Nb6 10. e4 Bg6 11. Qb3 a5 12. Rd1 O-O 13. Be2 Nxc4 14. Qxc4 Qe7 15.
O-O Nd7 16. Na2 Bd6 17. Bxd6 Qxd6 18. Rd2 f5 19. Nc3 Kh8 20. Rfd1 fxe4 21. fxe4
Rae8 22. e5 Qe7 23. Bd3 Nb6 24. Qc5 Bxd3 25. Rxd3 Qxc5 26. dxc5 Nc4 27. Rd7 Rb8
28. Re7 Nxb2 29. Rdd7 Rg8 30. Rxe6 Rge8 31. Rxb7 Nd3 32. Rxb8 Rxb8 33. Rxc6 Kg8
34. e6 Kf8 35. h3 Nb4 36. Rc7 Re8 37. Rf7+ Kg8 38. Ra7 Nc6 39. Ra6 Rxe6 40. Nb5
h5 41. Na7 Nd4 42. c6 Re1+ 43. Kf2 Re2+ 44. Kf1 Rc2 45. Rxa5 g6 46. Rg5 Kf7 47.
a5 Nf5 48. h4 Kf6 49. a6 Nxh4 50. Rg3 Nf5 51. Ra3 Nd6 52. Rd3 Ne8 53. Rd8 Nc7
54. Rd6+ Kg5 55. Nc8 Nxa6 56. Ne7 Nb4 57. Rxg6+ Kf4 58. Re6 Rc5 59. Kg1 h4 60.
Kh2 Kg5 61. Rg6+ Kh5 62. Rg8 Rc2 63. Rc8 Kh6 64. c7 Kh7 65. Nf5 Nd5 66. Rd8
Nxc7 67. Rc8 Rc3 68. Nxh4 Nd5 69. Rd8 Nf6 70. Nf3 Kg6 71. Rd4 Kf5 72. Ra4 Ne4
73. Rb4 Ra3 74. Rd4 Rc3 75. Ra4 Rd3 76. Nh4+ Kf4 77. Nf3 Rd8 78. Ra3 Rh8+ 79.
Kg1 Ng3 80. Kf2 Ne4+ 81. Kg1 Ng3 82. Kf2 Ne4+ 1/2-1/2

[Event "France Jeunes Belfort 2017"]
[Site "Belfort"]
[Date "2017.04.22"]
[Round "9.2"]
[White "Saliou, Sarah"]
[Black "Parlas, Helin"]
[Result "1/2-1/2"]
[ECO "A20"]
[WhiteElo "1684"]
[BlackElo "1606"]
[PlyCount "77"]
[EventDate "2017.??.??"]
[TimeControl "6000+875"]
[WhiteClock "0:00:44"]
[BlackClock "0:34:05"]

1. c4 e5 2. g3 Nc6 3. Bg2 f5 4. Nc3 Nf6 5. e3 g6 6. Nge2 Bg7 7. d4 exd4 8. exd4
O-O 9. O-O d6 10. Nd5 Ne7 11. Nxf6+ Bxf6 12. Nf4 c6 13. d5 g5 14. Nh5 h6 15.
Nxf6+ Rxf6 16. b3 Kh7 17. Bb2 Rg6 18. Re1 Bd7 19. Qd4 Qf8 20. Re2 f4 21. Be4
Nf5 22. Bxf5 Bxf5 23. Rae1 h5 24. Re7+ Kh6 25. Qd2 Bg4 26. Rxb7 Re8 27. Rxe8
Qxe8 28. gxf4 Qe4 29. Bc1 Rg7 30. fxg5+ Kg6 31. Rxg7+ Kxg7 32. Qe3 Qc2 33. Qe7+
Kg8 34. Qe8+ Kg7 35. Qe7+ Kg8 36. Qe8+ Kg7 37. Qe1 cxd5 38. cxd5 Qd3 39. Bb2+
1/2-1/2

[Event "France Jeunes Belfort 2017"]
[Site "Belfort"]
[Date "2017.04.23"]
[Round "9.3"]
[White "Atli, Celine"]
[Black "Sumarriva Paulin, Laura"]
[Result "0-1"]
[ECO "D00"]
[WhiteElo "1271"]
[BlackElo "1521"]
[PlyCount "102"]
[EventDate "2017.??.??"]
[TimeControl "6000+1040"]
[WhiteClock "0:03:18"]
[BlackClock "0:05:26"]

1. d4 d5 2. Bg5 Nf6 3. Bxf6 exf6 4. e3 c6 5. Bd3 g6 6. f4 f5 7. Nf3 Nd7 8. O-O
Bg7 9. c3 O-O 10. Re1 Re8 11. Nbd2 c5 12. Nf1 c4 13. Bc2 Rb8 14. Ng5 b5 15. a3
a5 16. Ng3 Nf6 17. Nf3 Ng4 18. Ne5 Nxe5 19. fxe5 f6 20. exf6 Bxf6 21. Qf3 Bg5
22. b3 Rb6 23. b4 Rbe6 24. Nf1 Bb7 25. Kh1 f4 26. g3 fxe3 27. Re2 a4 28. Rae1
Qe7 29. h4 Bh6 30. Kh2 Rf8 31. Qg2 Rf2 32. Rxf2 exf2 33. Rxe6 Qxe6 34. Qxf2 Bc1
35. Bb1 Bc8 36. Kg1 Bxa3 37. Qc2 Qe1 38. Ba2 Bh3 39. Qf2 Qxf2+ 40. Kxf2 Bxf1
41. Kxf1 Bb2 42. Ke2 Bxc3 43. g4 Bxd4 44. Kd2 Bf2 45. Kc3 Kf7 46. h5 gxh5 47.
gxh5 d4+ 48. Kc2 Be1 49. Bxc4+ bxc4 50. b5 Ke7 51. b6 Kd7 0-1

[Event "France Jeunes Belfort 2017"]
[Site "Belfort"]
[Date "2017.04.23"]
[Round "9.3"]
[White "Boulart, Emilie"]
[Black "Donias, Orlane"]
[Result "1/2-1/2"]
[ECO "C45"]
[WhiteElo "1636"]
[BlackElo "1729"]
[PlyCount "89"]
[EventDate "2017.??.??"]
[TimeControl "6000+1555"]
[WhiteClock "0:02:52"]
[BlackClock "0:22:18"]

1. e4 e5 2. Nf3 Nc6 3. d4 exd4 4. Nxd4 Bc5 5. Be3 Qf6 6. c3 Bb6 7. g3 Nge7 8.
Bg2 Nxd4 9. cxd4 d6 10. O-O Nc6 11. Nc3 Qd8 12. Rc1 O-O 13. f4 Rb8 14. f5 f6
15. Nd5 Bd7 16. Rf4 Ne7 17. Nxb6 axb6 18. Rg4 Kh8 19. h4 d5 20. h5 dxe4 21.
Bxe4 Bxf5 22. Bxf5 Nxf5 23. Bf4 Rc8 24. Bd2 Nxd4 25. Bb4 c5 26. Bc3 Nf5 27. Qf3
Nh6 28. Re4 Qd5 29. Rd1 Qc6 30. Qd3 Qc7 31. Rde1 Nf5 32. g4 Rcd8 33. Qf3 Nd4
34. Qf2 Qc6 35. Bxd4 cxd4 36. Rxd4 Rxd4 37. Qxd4 Qc5 38. Qxc5 bxc5 39. Re7 Rb8
40. Rc7 b6 41. Rc6 Kg8 42. Kf2 Rb7 43. Ke3 Kf7 44. Kd3 Rd7+ 45. Ke4 1/2-1/2

[Event "France Jeunes Belfort 2017"]
[Site "Belfort"]
[Date "2017.04.23"]
[Round "9.3"]
[White "Burri, Quentin"]
[Black "Mazzella, Enzo"]
[Result "1-0"]
[ECO "B03"]
[WhiteElo "2372"]
[BlackElo "2111"]
[PlyCount "129"]
[EventDate "2017.??.??"]
[TimeControl "6000+2335"]
[WhiteClock "0:04:04"]
[BlackClock "0:01:41"]

1. e4 Nf6 2. e5 Nd5 3. d4 d6 4. c4 Nb6 5. exd6 cxd6 6. Nc3 g6 7. Be3 Bg7 8. Rc1
O-O 9. b3 e5 10. dxe5 dxe5 11. Qxd8 Rxd8 12. c5 N6d7 13. Bc4 Nc6 14. Nf3 Na5
15. Be2 b6 16. Na4 bxc5 17. Nxc5 Nxc5 18. Rxc5 Nb7 19. Rc7 Nd6 20. O-O e4 21.
Nd2 Be6 22. Ba6 Bd5 23. Nc4 Bf8 24. Bg5 Rdb8 25. Nxd6 Bxd6 26. Rd7 Rb6 27. Rd1
Rxa6 28. Rxd5 Bf8 29. Rd2 Rc6 30. g3 a6 31. Be3 Bc5 32. Bxc5 Rxc5 33. Re7 Rac8
34. Rxe4 R8c7 35. Rd6 R5c6 36. Rxc6 Rxc6 37. Kg2 Kg7 38. Kf3 Kf6 39. Ke3 h5 40.
Kd3 g5 41. h4 g4 42. b4 Rc1 43. Rc4 Rf1 44. Ke2 Rb1 45. Rc6+ Ke7 46. a3 a5 47.
bxa5 Rb5 48. Ra6 Rb3 49. Rh6 Rb5 50. Ra6 Rb3 51. Rb6 Rxa3 52. Rb5 Ke6 53. Rxh5
f5 54. Rh6+ Ke5 55. Ra6 Ke4 56. Re6+ Kd5 57. Re8 Rxa5 58. Ke3 Ra3+ 59. Kf4 Rf3+
60. Kg5 Rxf2 61. Rf8 Ke6 62. h5 f4 63. Rxf4 Rxf4 64. Kxf4 Kf7 65. Kg5 1-0

[Event "France Jeunes Belfort 2017"]
[Site "Belfort"]
[Date "2017.04.23"]
[Round "9.3"]
[White "David, Bogdan-Emanuel"]
[Black "Maache, Jawad"]
[Result "1/2-1/2"]
[ECO "B01"]
[WhiteElo "2099"]
[BlackElo "2119"]
[PlyCount "148"]
[EventDate "2017.??.??"]
[TimeControl "6000+1505"]
[WhiteClock "0:01:32"]
[BlackClock "0:02:37"]

1. e4 d5 2. exd5 Qxd5 3. Nc3 Qa5 4. d4 Nf6 5. Bc4 Bg4 6. f3 Bf5 7. Bd2 Qb6 8.
Nge2 e6 9. g4 Bg6 10. h4 h6 11. Nf4 Nc6 12. Nxg6 fxg6 13. Na4 Qxd4 14. Qe2 Qe5
15. O-O-O Qxe2 16. Bxe2 Bd6 17. Be3 Nd5 18. Bf2 O-O-O 19. Bd3 Ne5 20. Rhe1 Rhf8
21. Nc5 Nxf3 22. Rxe6 Nf4 23. Re4 Nxd3+ 24. Nxd3 Rde8 25. Rc4 Ne5 26. Nxe5 Bxe5
27. Bxa7 Rf4 28. Bd4 Rxg4 29. Ra4 Bxd4 30. Raxd4 Rxd4 31. Rxd4 Re5 32. Kd2 g5
33. Rg4 gxh4 34. Rxg7 Rh5 35. Rg2 Kd7 36. Ke3 Ke6 37. Kf4 Kf6 38. Rh2 Rc5 39.
b3 Rb5 40. Rxh4 Kg6 41. Rh2 h5 42. Re2 Kf6 43. Re8 c6 44. Rh8 Rf5+ 45. Kg3 Rg5+
46. Kh3 Rc5 47. c4 b5 48. Rc8 Ke6 49. cxb5 Rxb5 50. Rxc6+ Kd5 51. Rc4 Ra5 52.
a4 Kd6 53. Kh4 Kd7 54. Rb4 Rd5 55. Kg3 Rg5+ 56. Kf3 Rc5 57. Ke3 h4 58. Kf3 h3
59. Kg3 Rc3+ 60. Kh2 Kd6 61. Rb5 Kc6 62. b4 Ra3 63. Rc5+ Kb6 64. a5+ Ka6 65.
Rc6+ Kb7 66. Rh6 Rb3 67. Rb6+ Ka7 68. Kh1 Rb2 69. Kg1 Rb1+ 70. Kh2 Rb3 71. b5
Ra3 72. Ra6+ Kb7 73. Rh6 Rxa5 74. Kxh3 Rxb5 1/2-1/2

[Event "France Jeunes Belfort 2017"]
[Site "Belfort"]
[Date "2017.04.23"]
[Round "9.3"]
[White "Djidjeli, Sarah"]
[Black "Yuan, Beline"]
[Result "0-1"]
[ECO "C15"]
[WhiteElo "1934"]
[BlackElo "1845"]
[PlyCount "112"]
[EventDate "2017.??.??"]
[TimeControl "6000+820"]
[WhiteClock "0:13:10"]
[BlackClock "0:11:19"]

1. e4 e6 2. d4 d5 3. Nc3 Bb4 4. Bd3 dxe4 5. Bxe4 Nf6 6. Bf3 c5 7. Nge2 O-O 8.
O-O Nc6 9. Be3 cxd4 10. Nxd4 Bxc3 11. bxc3 Ne7 12. Nb5 Qa5 13. c4 Rd8 14. Qe2
a6 15. Nd4 e5 16. Nb3 Qc7 17. Bg5 Ne8 18. Bd5 Nf6 19. Bxf6 gxf6 20. Rad1 Ng6
21. Qf3 f5 22. Qh5 Be6 23. Bxe6 fxe6 24. Qe2 Kh8 25. Kh1 Rg8 26. Rde1 Rac8 27.
c5 Qc6 28. Rg1 Rg7 29. Qf3 Qxf3 30. gxf3 Rd7 31. Re3 Rcd8 32. Rb1 Nh4 33. Rxe5
Rd1+ 34. Re1 Rxb1 35. Rxb1 Rd5 36. f4 Kg8 37. c4 Rd3 38. Na5 Rc3 39. Kg1 Rc2
40. h3 Nf3+ 41. Kg2 Nd2 42. Nxb7 Nxb1 43. Nd6 Nd2 44. c6 Nxc4 45. Ne8 Nb6 46.
c7 Nc8 47. Nf6+ Kg7 48. Nd7 Rxc7 49. Ne5 Rc2 50. a3 Nd6 51. Nd3 Rc3 52. Nb4
Rxa3 53. Nc2 Rc3 54. Nd4 Kf6 55. Ne2 Rc4 56. Ng3 Ne4 0-1

[Event "France Jeunes Belfort 2017"]
[Site "Belfort"]
[Date "2017.04.23"]
[Round "9.3"]
[White "Lafortune, Emerick"]
[Black "Meunier, Clement"]
[Result "0-1"]
[ECO "A80"]
[WhiteElo "2111"]
[BlackElo "2240"]
[PlyCount "64"]
[EventDate "2017.??.??"]
[TimeControl "6000+2360"]
[WhiteClock "0:00:55"]
[BlackClock "0:42:04"]

1. d4 f5 2. Nf3 Nf6 3. g3 e6 4. Bg2 c6 5. c4 d5 6. O-O Bd6 7. Bf4 Bxf4 8. gxf4
O-O 9. Ne5 Bd7 10. Qb3 b6 11. c5 Na6 12. Qa3 Nc7 13. Nd2 Be8 14. Rfc1 Ne4 15.
Nxe4 fxe4 16. e3 b5 17. Qa5 Kh8 18. Rf1 Rc8 19. Qxa7 g5 20. f3 gxf4 21. fxe4
dxe4 22. Bxe4 Bh5 23. Qa3 Qg5+ 24. Kh1 fxe3 25. Qd3 Nd5 26. Rg1 Qh6 27. Rae1 e2
28. Bxd5 exd5 29. h3 Rce8 30. Ng4 Bxg4 31. Rxg4 Re3 32. Rg3 Rxd3 0-1

[Event "France Jeunes Belfort 2017"]
[Site "Belfort"]
[Date "2017.04.23"]
[Round "9.3"]
[White "Leriche, Ines"]
[Black "Bellahcene, Anissa"]
[Result "1-0"]
[ECO "D35"]
[WhiteElo "2037"]
[BlackElo "1806"]
[PlyCount "57"]
[EventDate "2017.??.??"]
[TimeControl "6000+1105"]
[WhiteClock "0:17:55"]
[BlackClock "0:26:52"]

1. d4 d5 2. c4 e6 3. Nc3 Nf6 4. cxd5 exd5 5. Bg5 Nbd7 6. e3 c6 7. Bd3 Be7 8. h3
O-O 9. Nf3 Re8 10. O-O h6 11. Bf4 Nb6 12. Qc2 Be6 13. Bh2 Rc8 14. Ne5 Nfd7 15.
f4 Nxe5 16. fxe5 c5 17. Qf2 Bg5 18. Ne2 Nc4 19. Nf4 Qe7 20. b3 Nb6 21. Bg3 Qd7
22. h4 Bxf4 23. exf4 cxd4 24. f5 Rc3 25. fxe6 fxe6 26. Qxd4 Rec8 27. Rad1 Qe7
28. Qg4 Rf8 29. Qg6 1-0

[Event "France Jeunes Belfort 2017"]
[Site "Belfort"]
[Date "2017.04.23"]
[Round "9.3"]
[White "Maugenest, Ghislain"]
[Black "Trabet, Mathis"]
[Result "1-0"]
[ECO "A57"]
[WhiteElo "1915"]
[BlackElo "1675"]
[PlyCount "57"]
[EventDate "2017.??.??"]
[TimeControl "6000+875"]
[WhiteClock "0:45:11"]
[BlackClock "0:35:51"]

1. d4 Nf6 2. c4 c5 3. d5 b5 4. cxb5 a6 5. f3 e6 6. e4 exd5 7. e5 Qe7 8. Qe2 Ng8
9. Nc3 Bb7 10. Nh3 c4 11. Be3 axb5 12. O-O-O Qxe5 13. Qf2 Ne7 14. Bf4 Qf6 15.
Nxb5 Ng6 16. Qe3+ Be7 17. Nc7+ Kf8 18. Nxa8 Nxf4 19. Qxf4 Qxf4+ 20. Nxf4 Bg5
21. Nb6 Bxf4+ 22. Kb1 d4 23. Rxd4 Be3 24. Rxc4 Ba6 25. Rb4 Bc5 26. Rb3 Bxf1 27.
Rxf1 Bd6 28. Rd1 Ke7 29. Re3+ 1-0

[Event "France Jeunes Belfort 2017"]
[Site "Belfort"]
[Date "2017.04.23"]
[Round "9.3"]
[White "Micottis, Dorian"]
[Black "Viennot, Dylan"]
[Result "1-0"]
[ECO "C11"]
[WhiteElo "2249"]
[BlackElo "2263"]
[PlyCount "51"]
[EventDate "2017.??.??"]
[TimeControl "6000+1575"]
[WhiteClock "0:40:26"]
[BlackClock "0:05:08"]

1. e4 e6 2. d4 d5 3. Nc3 Nf6 4. Bg5 dxe4 5. Nxe4 Be7 6. Bxf6 gxf6 7. Nf3 f5 8.
Nc3 a6 9. Qd2 b5 10. O-O-O Bb7 11. d5 b4 12. Bc4 c6 13. Qd4 Bf6 14. Qe3 cxd5
15. Nxd5 O-O 16. Nb6 Qc7 17. Nxa8 Qxc4 18. b3 Qb5 19. Nb6 Bg7 20. Nc4 Bxf3 21.
gxf3 h6 22. Rhg1 Kh7 23. f4 Nc6 24. Rxg7+ Kxg7 25. Qg3+ Kh7 26. Rg1 1-0

[Event "France Jeunes Belfort 2017"]
[Site "Belfort"]
[Date "2017.04.23"]
[Round "9.4"]
[White "Attard, Leopold"]
[Black "Lux, Hugo De Melo"]
[Result "1-0"]
[ECO "A46"]
[WhiteElo "2090"]
[BlackElo "2089"]
[PlyCount "127"]
[EventDate "2017.??.??"]
[TimeControl "6000+830"]
[WhiteClock "0:04:07"]
[BlackClock "0:01:59"]

1. d4 Nf6 2. Nf3 e6 3. c4 c5 4. g3 cxd4 5. Nxd4 d5 6. Bg2 e5 7. Nf3 e4 8. Nd4
dxc4 9. O-O Bc5 10. Nb5 Qxd1 11. Rxd1 Na6 12. N1c3 Bd7 13. Nd4 Rd8 14. Bg5 Bc8
15. Ndb5 Rxd1+ 16. Rxd1 e3 17. Bxe3 O-O 18. Nxa7 Bxe3 19. Nxc8 Bc5 20. Bxb7 Nc7
21. Nd6 Rb8 22. Nde4 Be7 23. Bc6 Rxb2 24. Rb1 Rxb1+ 25. Nxb1 Nxe4 26. Bxe4 Bb4
27. e3 Na6 28. Kf1 Nc5 29. Bc2 Kf8 30. Ke2 c3 31. e4 Ke7 32. Ke3 Nd7 33. f4
Bc5+ 34. Kd3 Bg1 35. Nxc3 Kd6 36. Ne2 Bf2 37. e5+ Kc7 38. Ke4 g6 39. Bb3 f6 40.
Bg8 fxe5 41. fxe5 Nf8 42. Nf4 Kd7 43. g4 h6 44. Bd5 Ke7 45. a4 Bb6 46. Bc4 Ba5
47. Nd5+ Kd8 48. Ne3 Nd7 49. Bb5 Nb6 50. h4 Ke7 51. h5 Kf7 52. Bc4+ Kg7 53. Bb3
Bc3 54. hxg6 Kxg6 55. Nf5 Nd7 56. e6 Nc5+ 57. Kd5 Nxb3 58. Kc4 h5 59. e7 Kf7
60. gxh5 Nd2+ 61. Kxc3 Ne4+ 62. Kd4 Nf6 63. h6 Kg6 64. Nd6 1-0

[Event "France Jeunes Belfort 2017"]
[Site "Belfort"]
[Date "2017.04.23"]
[Round "9.4"]
[White "Auroux, William"]
[Black "Burgalat, Eliot"]
[Result "1-0"]
[ECO "A05"]
[WhiteElo "1795"]
[BlackElo "1611"]
[PlyCount "103"]
[EventDate "2017.??.??"]
[TimeControl "6000+690"]
[WhiteClock "0:05:29"]
[BlackClock "0:15:26"]

1. Nf3 Nf6 2. g3 d5 3. Bg2 Bf5 4. O-O e6 5. d3 Bd6 6. Nbd2 O-O 7. Qe1 e5 8. e4
dxe4 9. dxe4 Bg6 10. Qe2 Nbd7 11. Nh4 c6 12. Nxg6 hxg6 13. Nc4 Bc7 14. Bg5 Nc5
15. Rad1 Qe7 16. Rd2 Ne6 17. Be3 b5 18. Na3 Bb6 19. c3 Rfd8 20. Rfd1 Rxd2 21.
Rxd2 Rd8 22. Nc2 Rxd2 23. Qxd2 Qd7 24. Qxd7 Nxd7 25. Bxb6 Nxb6 26. Nb4 c5 27.
Nc6 a6 28. Nxe5 Na4 29. Nd3 c4 30. Nb4 Nxb2 31. Kf1 Na4 32. Nd5 f6 33. Ke2 Kf7
34. Kd2 g5 35. Bh3 Nac5 36. f3 Nd3 37. Bxe6+ Kxe6 38. Nc7+ Kd6 39. Nxa6 g6 40.
Nb4 Nxb4 41. cxb4 Ke5 42. Kc3 f5 43. exf5 gxf5 44. a4 bxa4 45. Kxc4 g4 46. fxg4
fxg4 47. b5 Kd6 48. Kb4 Kc7 49. Kxa4 Kb6 50. Kb4 Kb7 51. Kc5 Kc7 52. Kd4 1-0

[Event "France Jeunes Belfort 2017"]
[Site "Belfort"]
[Date "2017.04.23"]
[Round "9.4"]
[White "Bartels, Karina"]
[Black "Fretel, Liza"]
[Result "0-1"]
[ECO "B24"]
[WhiteElo "1759"]
[BlackElo "1801"]
[PlyCount "66"]
[EventDate "2017.??.??"]
[TimeControl "6000+1385"]
[WhiteClock "0:01:41"]
[BlackClock "0:29:14"]

1. e4 c5 2. Nc3 Nc6 3. d3 g6 4. g4 Bg7 5. Be3 d6 6. Bg2 Rb8 7. h3 b5 8. Qd2 b4
9. Nd1 Ba6 10. f4 e6 11. f5 Nf6 12. e5 Nxe5 13. Ne2 Bb7 14. Bxb7 Rxb7 15. O-O
Nfxg4 16. hxg4 Qh4 17. Nf4 Nxg4 18. fxe6 g5 19. exf7+ Rxf7 20. Ne6 Rxf1+ 21.
Kxf1 Qh1+ 22. Ke2 Be5 23. Qe1 Qg2+ 24. Nf2 Nxf2 25. Qxf2 Qg4+ 26. Qf3 Qxe6 27.
Qa8+ Kf7 28. Qxa7+ Kg6 29. Rg1 Bf4 30. Qa4 Qxe3+ 31. Kf1 Bg3 32. Rxg3 Qxg3 33.
Qd7 Rf8+ 0-1

[Event "France Jeunes Belfort 2017"]
[Site "Belfort"]
[Date "2017.04.23"]
[Round "9.4"]
[White "Favarel-Lubeigt, Helina"]
[Black "Kuhn, Mathilde"]
[Result "0-1"]
[ECO "E71"]
[WhiteElo "1537"]
[BlackElo "1313"]
[PlyCount "50"]
[EventDate "2017.??.??"]
[TimeControl "6000+550"]
[WhiteClock "0:48:30"]
[BlackClock "0:47:33"]

1. d4 Nf6 2. c4 g6 3. Nc3 Bg7 4. e4 d6 5. h3 O-O 6. Be3 Na6 7. Bd3 e5 8. d5 Nd7
9. g4 Ndc5 10. Bb1 f5 11. gxf5 gxf5 12. exf5 Bxf5 13. Bxf5 Rxf5 14. Nf3 Qf6 15.
Nh2 Rf8 16. Qe2 Nb4 17. O-O-O a5 18. a3 Nb3+ 19. Kb1 Na6 20. Rdg1 Kh8 21. Ne4
Qh4 22. Bg5 Rxg5 23. Rxg5 Qxe4+ 24. Qc2 Qxh1+ 25. Ka2 Nd4 0-1

[Event "France Jeunes Belfort 2017"]
[Site "Belfort"]
[Date "2017.04.23"]
[Round "9.4"]
[White "Imperor, Amelie"]
[Black "Marcenac, Delphine"]
[Result "1-0"]
[ECO "B00"]
[WhiteElo "1820"]
[BlackElo "1452"]
[PlyCount "103"]
[EventDate "2017.??.??"]
[TimeControl "6000+1885"]
[WhiteClock "0:06:46"]
[BlackClock "0:03:26"]

1. e4 b6 2. d4 Bb7 3. Nc3 e6 4. Be2 Nf6 5. Bf3 Bb4 6. e5 Nd5 7. Bd2 Bxc3 8.
bxc3 Qc8 9. c4 Ne7 10. h4 c5 11. c3 Bxf3 12. Qxf3 Qc6 13. Rh3 Qxf3 14. Nxf3
Nbc6 15. dxc5 bxc5 16. Be3 Na5 17. Bxc5 Nxc4 18. Rb1 Nc6 19. Rg3 Rg8 20. Nd2
Nxd2 21. Kxd2 Nxe5 22. Bd4 f6 23. Rb7 a6 24. Bxe5 fxe5 25. Rd3 d5 26. Re3 e4
27. f3 Rd8 28. fxe4 dxe4+ 29. Ke2 Rd7 30. Rxd7 Kxd7 31. Rxe4 Rb8 32. Ra4 Rb6
33. Kd3 Kd6 34. Ra5 Rc6 35. g4 g6 36. Kd4 h6 37. Ra4 Rb6 38. Rb4 Rc6 39. Rb7
Rc5 40. Rb6+ Rc6 41. Rxc6+ Kxc6 42. g5 hxg5 43. hxg5 Kd6 44. a4 a5 45. Ke4 e5
46. c4 Kc5 47. Kxe5 Kxc4 48. Kf6 Kb4 49. Kxg6 Kxa4 50. Kf5 Kb4 51. g6 a4 52. g7
1-0